 Dungeon Crawl Stone Soup version 0.18.1-48-g4cf74bf (webtiles) character file.

358 Gargoyl the Skirmisher (level 6, -1/49 HPs)
             Began as a Demonspawn Abyssal Knight on July 18, 2016.
             Was a Priest of Lugonu.
             Succumbed to an orc wizard's poison
             ... on level 4 of the Dungeon.
             The game lasted 00:08:58 (3268 turns).

Gargoyl the Skirmisher (Demonspawn Abyssal Knight)  Turns: 3268, Time: 00:08:58

Health: -1/49      AC: 17    Str: 14    XL:     6   Next: 37%
Magic:  7/8        EV:  4    Int: 13    God:    Lugonu [***...]
Gold:   257        SH:  0    Dex: 13    Spells: 0 memorised, 5 levels left

rFire  . . .     SeeInvis .     e - +1 long sword (elec)
rCold  . . .     Gourm    .     g - +0 plate armour
rNeg   . . .     Faith    .     (no shield)
rPois  .         Spirit   +     (no helmet)
rElec  .         Dismiss  .     (no cloak)
rCorr  .         Reflect  .     k - +0 pair of gloves
SustAt .         Harm     .     (no boots)
MR     .....                    (no amulet)
Stlth  ..........               (no ring)
                                (no ring)

@: lethally poisoned (-1 -> -72), not resistant to hostile enchantments,
extremely unstealthy
A: claws 1, iridescent scales 1, demonic guardian 1, magic shield
a: Depart the Abyss, Bend Space, Banish, Renounce Religion


You were on level 4 of the Dungeon.
You worshipped Lugonu.
Lugonu was most pleased with you.
You were not hungry.

You visited 1 branch of the dungeon, and saw 4 of its levels.
You visited the Abyss 1 time.

You collected 257 gold pieces.

Inventory:

Hand Weapons
 a - a +1 hand axe
 e - a +1 long sword of electrocution (weapon)
Armour
 g - a +0 plate armour (worn)
 k - a +0 pair of gloves (worn)
Scrolls
 j - a scroll of enchant weapon {unknown}
 l - 2 scrolls of identify
 m - a scroll of fog {unknown}
 n - 2 scrolls of magic mapping {unknown}
 o - 2 scrolls of teleportation {unknown}
 p - a scroll of enchant armour {unknown}
 q - 2 scrolls of noise {unknown}
 r - a scroll of fear {unknown}
Potions
 b - 2 potions of degeneration {unknown}
 s - a potion of curing
 t - 2 potions of lignification {unknown}
 u - a potion of might {unknown}
Books
 h - a book of Spatial Translocations

   Spells                             Type                      Level
   a - Apportation                    Translocation                1
   b - Blink                          Translocation                2
   c - Shroud of Golubria             Charms/Translocation         2
   d - Portal Projectile              Translocation                3
   e - Teleport Other                 Translocation                3
   f - Passage of Golubria            Translocation                4
Comestibles
 c - 3 bread rations
 d - a chunk of flesh
 f - 2 meat rations


   Skills:
 + Level 4.5 Fighting
 + Level 2.0 Long Blades
 + Level 2.3 Axes
 + Level 4.0 Armour
 + Level 1.7 Dodging
 + Level 2.7 Invocations


You had 5 spell levels left.
You didn't know any spells.

Dungeon Overview and Level Annotations

Branches:
Dungeon (4/15)
 Temple: D:4-7

Altars:
Cheibriados
Dithmenos
Okawaru


Innate Abilities, Weirdness & Mutations

You have sharp fingernails.
You are partially covered in iridescent scales (AC +4).
A weak demonic guardian rushes to your aid.
When hurt, damage is shared between your health and your magic reserves.


Message History

Something hits you but does no damage.
You are more poisoned.
You miss something.
You feel very sick. Something hits you.
You are more poisoned.
Something hits you but does no damage.
You are more poisoned.
You miss something.
* * * LOW HITPOINT WARNING * * *
You feel very sick. Something hits you but does no damage.
You are more poisoned.
You closely miss something.
* * * LOW HITPOINT WARNING * * *
You feel extremely sick. Something hits you but does no damage.
You are more poisoned.
You slash something!
You die...

+###### #+####
####...###....#
.........#>...#
........#....#
.......#....#
#....##....#
###....##....# ...#
#......{)....# ...#
#......@.....# ...#
#............#
...################'####
........# #...........#
........+ #...........#
........# #...........#
...†....####...........#
#'##.............#######
...#.............#


There were no monsters in sight!

Vanquished Creatures
  Duvessa (D:4)
  Dowan (D:4)
  An iguana (D:4)
  2 worker ants (D:4)
  6 adders
  2 worms
  2 dart slugs
  3 giant geckos (D:2)
  7 orcs
  2 ball pythons
  7 giant cockroaches
  2 goblins
  7 hobgoblins
  6 jackals
  2 quokkas (D:2)
  9 bats
  4 giant newts
  11 kobolds
  5 rats
80 creatures vanquished.

Vanquished Creatures (collateral kills)
  An adder (D:4)
1 creature vanquished.

Grand Total: 81 creatures vanquished

Notes
Turn   | Place    | Note
--------------------------------------------------------------
     0 | Abyss:1  | Gargoyl the Demonspawn Abyssal Knight began the quest for the Orb.
     0 | Abyss:1  | Reached XP level 1. HP: 18/18 MP: 2/2
    18 | Abyss:2  | Found a shadowy altar of Dithmenos.
    87 | Abyss:2  | Noticed an insubstantial wisp
   115 | Abyss:3  | Noticed a small abomination
   115 | D:1      | Escaped the Abyss
   178 | D:1      | Reached * piety under Lugonu
   509 | D:1      | Gained mutation: When hurt, damage is shared between your health and your magic reserves. [demonic ancestry]
   509 | D:1      | Reached XP level 2. HP: 19/24 MP: 4/4
   873 | D:1      | Reached skill level 1 in Dodging
  1096 | D:2      | Gained mutation: You have sharp fingernails. [demonic ancestry]
  1096 | D:2      | Reached XP level 3. HP: 26/29 MP: 3/5
  1144 | D:2      | Found a snail-covered altar of Cheibriados.
  1503 | D:2      | Reached XP level 4. HP: 36/37 MP: 6/6
  1545 | D:2      | Found a faded altar to an unknown god.
  1561 | D:2      | Reached ** piety under Lugonu
  1871 | D:2      | Found an iron altar of Okawaru.
  2768 | D:4      | Noticed Dowan
  2770 | D:4      | Noticed Duvessa
  2786 | D:4      | Killed Dowan
  2786 | D:4      | Reached skill level 1 in Long Blades
  2786 | D:4      | Gained mutation: A weak demonic guardian rushes to your aid. [demonic ancestry]
  2786 | D:4      | Reached XP level 5. HP: 40/42 MP: 4/7
  2805 | D:4      | Killed Duvessa
  2832 | D:4      | Gained mutation: You are partially covered in iridescent scales (AC +4). [demonic ancestry]
  2832 | D:4      | Reached XP level 6. HP: 47/49 MP: 4/8
  2912 | D:4      | Reached *** piety under Lugonu
  2945 | D:4      | Found a shadowy altar of Dithmenos.
  3268 | D:4      | Succumbed to an orc wizard's poison

Skill      XL: |  1  2  3  4  5  6 |
---------------+-------------------+-----
Armour         | 2 3 4 |  4.0
Axes           | 2 |  2.3
Dodging        | 1 |  1.7
Fighting       | 4 |  4.5
Long Blades    | 1 2 |  2.0
Invocations    | |  2.7

Action                   |  1- 3 |  4- 6 || total
-------------------------+-------+-------++-------
Melee: Hand axe          |   122 |       ||   122
       Long sword        |    29 |   175 ||   204
Invok: Depart the Abyss  |     1 |       ||     1
       Bend Space        |       |     1 ||     1
  Use: Potion            |     2 |     5 ||     7
       Scroll            |     1 |     1 ||     2
  Eat: Chunk             |     2 |     4 ||     6
       Royal jelly       |       |     1 ||     1
Armor: Plate armour      |   258 |   194 ||   452
Dodge: Dodged            |    52 |    43 ||    95
